 Dungeon Crawl Stone Soup version 0.17-a0-1596-g1e86911 (webtiles) character file.

3029 mrath the Cleaver (level 9, -6/79 HPs)
             Began as a Minotaur Fighter on July 31, 2015.
             Was a Follower of Okawaru.
             Mangled by a komodo dragon (13 damage)
             ... on level 9 of the Dungeon.
             The game lasted 01:05:04 (9056 turns).

mrath the Cleaver (Minotaur Fighter)                Turns: 9056, Time: 01:05:04

Health: -6/79      AC: 12    Str: 29    XL:     9   Next: 56%
Magic:  8/8        EV:  8    Int:  5    God:    Okawaru [*.....]
Gold:   357        SH: 13    Dex: 10    Spells: 0 memorised, 8 levels left

rFire  . . .     SeeInvis .     a - +1 war axe
rCold  + . .     Clarity  +     F - +1 chain mail {rC+}
rNeg   . . .     SustAt   .     c - +2 shield
rPois  +         Gourm    .     (helmet restricted)
rElec  .         Spirit   .     (no cloak)
rCorr  .         Warding  .     (no gloves)
rMut   .         Stasis   .     q - +0 pair of boots
MR     .....                    A - amulet of clarity
Stlth  ..........               p - ring of poison resistance
                                h - ring of stealth

@: mighty, very slightly contaminated, hasted, very quick, not resistant to
hostile enchantments, extremely unstealthy
A: retaliatory headbutt, horns 2
a: Heroism, Renounce Religion


You were on level 9 of the Dungeon.
You worshipped Okawaru.
Okawaru was aware of your devotion.
You were not hungry.

You visited 2 branches of the dungeon, and saw 10 of its levels.

You collected 478 gold pieces.
You spent 121 gold pieces at shops.

Inventory:

Hand weapons
 a - a +1 war axe (weapon)
 B - a +2 spear of flaming
 H - a +0 rapier of electrocution
 J - a +2 mace of protection
Missiles
 E - 7 tomahawks
 G - 5 javelins (quivered)
Armour
 c - a +2 shield (worn)
 q - a +0 pair of boots (worn)
 F - a +1 chain mail of cold resistance (worn)
Jewellery
 f - an uncursed amulet of stasis
 g - an uncursed amulet of rage {unknown}
 h - a ring of stealth (left hand)
 m - an uncursed amulet of resist corrosion {unknown}
 p - a ring of poison resistance (right hand)
 A - an amulet of clarity (around neck)
 I - a +4 ring of intelligence
Magical devices
 b - a wand of magic darts (16)
 j - a wand of fire (11)
 U - a wand of magic darts (41)
 W - a wand of paralysis (17)
Scrolls
 i - 3 scrolls of teleportation
 o - 3 scrolls of remove curse {unknown}
 u - 2 scrolls of random uselessness {unknown}
 y - a scroll of acquirement {unknown}
 C - 2 scrolls of fear {unknown}
 K - a scroll of blinking {unknown}
 L - 2 scrolls of fog {unknown}
 O - a scroll of enchant weapon
 Q - 2 scrolls of enchant armour
 S - a scroll of immolation {unknown}
Potions
 d - a potion of might
 k - 3 potions of resistance
 n - 2 potions of agility {unknown}
 r - 3 potions of curing
 s - 3 potions of haste
 t - a potion of heal wounds {unknown}
 w - a potion of lignification {unknown}
 z - 3 potions of flight
 D - a potion of ambrosia {unknown}
 M - 4 potions of poison {unknown}
 N - a potion of invisibility {unknown}
 R - a potion of brilliance {unknown}
Books
 l - a book of Enchantments

   Spells                             Type                      Level
   a - Cause Fear                     Hexes                        4
   b - Silence                        Hexes/Air                    5
   c - Deflect Missiles               Charms/Air                   6
   d - Haste                          Charms                       6
   e - Discord                        Hexes                        8
Comestibles
 e - 4 bread rations
 v - 26 fruits
 x - 5 meat rations
 P - a chunk of flesh


   Skills:
 + Level 7.0 Fighting
 + Level 10.4 Axes
 + Level 3.9 Throwing
 + Level 7.1 Armour
 + Level 4.0 Dodging
 + Level 6.6 Shields


You had 8 spell levels left.
You didn't know any spells.

Dungeon Overview and Level Annotations

Branches:
Dungeon (9/15)             Temple (1/1) D:7            Lair (0/8) D:9
    Orc: D:9-12

Altars:
Ashenzari
Cheibriados
Dithmenos
Elyvilon
Fedhas
Kikubaaqudgha
Nemelex Xobeh
Okawaru
Qazlal
Ru
Trog
Vehumet
Xom
Yredelemnul
Zin
The Shining One

Shops:
D:4 [   D:6 %


Innate Abilities, Weirdness & Mutations

You reflexively headbutt those who attack you in melee.
You have a pair of horns on your head.


Message History

You slash Joseph!
Joseph is heavily wounded.
Your shield and chain mail prevent you from hitting Joseph.
Joseph is heavily wounded.
Joseph hits you with an uncursed quarterstaff!
* * * LOW HITPOINT WARNING * * *
You slash Joseph! You headbutt Joseph.
Joseph is severely wounded.
You block Joseph's attack.
You slice Joseph!!
You kill Joseph!
Okawaru accepts your kill.
Your Fighting skill increases to level 7!
Your Armour skill increases to level 7!
Your Dodging skill increases to level 4!
Items here: (( )) [ an uncursed quarterstaff; an uncursed enchanted hunting sling; 10 sling bullets a ring mail; a javelin The komodo dragon bites you!
You die...

#...# #....# #.. +...#
#....# #.. ####+#...#
###### #.. #....(...+
######.. #........#
#....... +........#
#....... #.....%).+
#....... #.).##+##
######.. +.@.....#
#####.. #?l..?..#
#(..... #..(....#
##(###.. +.......#
##.(.###.
#...#######....P##.
#...# #..).PPP#.
###+#...# ##...PPPP#.
........#####....PPPP#.
.........(....P.PP.PP#.


You could see a komodo dragon.

Vanquished Creatures
  Joseph (D:9)
  Eustachio (D:4)
  Edmund (D:6)
  An orc warrior (D:8)
  2 sky beasts
  An ogre (D:4)
  6 centaurs
  2 giant frogs
  A big kobold (D:8)
  A gnoll sergeant (D:5)
  6 scorpions
  5 killer bees (D:8)
  3 hounds
  A crimson imp (D:6)
  3 jellies
  An orc priest (D:6)
  Jessica (D:2)
  A centaur skeleton (D:6)
  2 giant frog skeletons (D:5)
  3 worker ants
  5 orc wizards
  An iguana (D:9)
  A hound zombie (D:6)
  A hound skeleton (D:5)
  5 gnolls
  12 adders
  2 oozes
  4 worms
  3 giant geckos
  27 orcs
  4 ball pythons (D:3)
  5 giant cockroaches
  4 goblins
  3 hobgoblins
  2 jackals (D:3)
  5 bats
  6 giant newts
  A jackal skeleton (D:4)
  A jackal zombie (D:5)
  5 kobolds
  4 quokkas
  4 rats
148 creatures vanquished.

Vanquished Creatures (others)
  4 plants (D:9)
4 creatures vanquished.

Grand Total: 152 creatures vanquished

Notes
Turn   | Place    | Note
--------------------------------------------------------------
     0 | D:1      | mrath the Minotaur Fighter began the quest for the Orb.
     0 | D:1      | Reached XP level 1. HP: 19/19 MP: 0/0
   156 | D:1      | You fall through a shaft!
   271 | D:1      | Reached XP level 2. HP: 27/27 MP: 1/1
   838 | D:2      | Reached skill level 4 in Axes
   843 | D:2      | Reached XP level 3. HP: 29/33 MP: 2/2
  1019 | D:2      | Found a shadowy altar of Dithmenos.
  1353 | D:2      | Found a shadowy altar of Dithmenos.
  1482 | D:2      | Noticed Jessica
  1485 | D:2      | Killed Jessica
  1485 | D:2      | Reached skill level 5 in Axes
  1485 | D:2      | Reached XP level 4. HP: 40/40 MP: 3/3
  1509 | D:2      | Found a glowing golden altar of the Shining One.
  1853 | D:3      | Reached skill level 6 in Axes
  2409 | D:3      | Reached XP level 5. HP: 39/46 MP: 4/4
  2641 | D:3      | Found a shattered altar of Ashenzari.
  3212 | D:4      | Noticed an ogre
  3216 | D:4      | Killed an ogre
  3216 | D:4      | Reached skill level 7 in Axes
  3253 | D:4      | Found Ziokic's Antique Armour Emporium.
  3355 | D:4      | Reached XP level 6. HP: 44/52 MP: 5/5
  3887 | D:4      | Noticed Eustachio
  3902 | D:4      | Killed Eustachio
  3902 | D:4      | Reached skill level 8 in Axes
  4123 | D:4      | Bought a shiny chain mail for 121 gold pieces
  4168 | D:5      | Entered Level 5 of the Dungeon
  4176 | D:4      | Reached skill level 9 in Axes
  4263 | D:5      | Reached XP level 7. HP: 53/58 MP: 6/6
  4980 | D:5      | Reached skill level 5 in Armour
  5032 | D:5      | Reached skill level 5 in Shields
  5032 | D:5      | Reached XP level 8. HP: 65/67 MP: 7/7
  5190 | D:6      | Reached skill level 1 in Dodging
  5252 | D:6      | Reached skill level 5 in Fighting
  5284 | D:6      | Found a sparkling altar of Nemelex Xobeh.
  5305 | D:6      | Reached skill level 1 in Throwing
  5545 | D:6      | Found Maeciow's Food Shoppe.
  6024 | D:6      | Noticed Edmund
  6034 | D:6      | Killed Edmund
  6550 | D:7      | Reached skill level 10 in Axes
  6656 | D:7      | Found a staircase to the Ecumenical Temple.
  6670 | Temple   | Entered the Ecumenical Temple
  6685 | Temple   | Became a worshipper of Warmaster Okawaru
  7511 | D:8      | Reached XP level 9. HP: 75/75 MP: 8/8
  8400 | D:8      | Found a basalt altar of Yredelemnul.
  8419 | D:8      | Found a bloodstained altar of Trog.
  8432 | D:8      | Found a shimmering altar of Xom.
  8437 | D:8      | Found a basalt altar of Yredelemnul.
  8917 | D:9      | Acquired Okawaru's first power
  9001 | D:9      | Noticed a komodo dragon
  9002 | D:9      | Found a staircase to the Lair.
  9035 | D:9      | Noticed Joseph
  9054 | D:9      | Killed Joseph
  9056 | D:9      | Mangled by a komodo dragon

Vault maps used:
D:1:      sevenhm_arrival_forest_fort_small_3, st_stairs_14
D:2:      tso_oasis_becter, nicolae_dithmenos_through_a_glass_darkly,
          first_bread, hangedman_abyss_or_decor_lesser_grid,
          kennysheep_flooded_box, uniq_jessica
D:3:      nicolae_overflow_crystal_walls, serial_glass, glass_columns_a,
          glass_columns_a
D:4:      serial_shops, shop, uniq_eustachio
D:6:      old_standard_altar, serial_shops,
          nicolae_shop_temple_entry_statues_fountains, uniq_edmund
D:7:      minmay_temple_entry_nine_rooms
D:8:      minitemple, basic_altar, blue_anna_alchemist
D:9:      david_lair_shrubbed, nooodl_food_tri, uniq_joseph
Temple:   circular_temple_12

Action                   |  1- 3 |  4- 6 |  7- 9 || total
-------------------------+-------+-------+-------++-------
Melee: War axe           |    29 |   109 |   165 ||   303
       Hand axe          |    61 |    57 |       ||   118
       Mace              |       |       |    98 ||    98
Throw: Javelin           |       |     7 |    16 ||    23
       Stone             |       |     1 |     8 ||     9
  Use: Scroll            |     5 |     4 |     4 ||    13
       Potion            |       |     2 |     2 ||     4
  Eat: Chunk             |     1 |     2 |     7 ||    10
       Meat ration       |     1 |       |       ||     1
       Pizza             |       |     2 |     1 ||     3
       Royal jelly       |       |       |     1 ||     1
       Bread ration      |       |       |     1 ||     1
       Beef jerky        |       |       |     1 ||     1
